[Event "Early-Titled-Tuesday-Blitz-September-12-2023"]
[Site "Chess.com"]
[Date "2023.09.12"]
[Round "5"]
[White "Tejas_Rama"]
[Black "F-Ghaith2021"]
[Result "0-1"]
[WhiteElo "2504"]
[BlackElo "2297"]
[TimeControl "180+1"]
[EndTime "8:51:17 PDT"]
[Termination "F-Ghaith2021 won by resignation"]

1. d4 Nf6 2. c4 e6 3. Nf3 d5 4.
Nc3 c5 5. cxd5 cxd4 6. Qa4+ Bd7 7. Qxd4 exd5 8. Bg5 Be7 9. e3 Nc6 10. Bxf6 Nxd4 11.
Bxd4 O-O 12. Bd3 Bf6 13. Nxd5 Bxd4 14. Nxd4 Bc6 15. Nf4 Qa5+ 16. Ke2 Rad8 17. a3 Rfe8 18. Nxc6 bxc6 19. Rac1 Qe5 0-1

[Event "Early-Titled-Tuesday-Blitz-September-12-2023"]
[Site "Chess.com"]
[Date "2023.09.12"]
[Round "5"]
[White "Frolyanov_D"]
[Black "platy3"]
[Result "1-0"]
[WhiteElo "2656"]
[BlackElo "2896"]
[TimeControl "180+1"]
[EndTime "8:51:25 PDT"]
[Termination "Frolyanov_D won by resignation"]

1. d4 Nf6 2. c4 e6 3. Nf3 Bb4+ 4. Nbd2 O-O 5. g3 b6 6. Bg2 Bb7 7. O-O Be7 8. Qc2 c5 9. dxc5 bxc5 10. b3 a5 11. Bb2 d6 12. Ng5 Bxg2 13. Bxf6 g6 14. Nxf7 Rxf7 15. Bxe7 Qxe7 16. Kxg2 Nc6 17. Qe4 Rc8 18. Nf3 Rff8 19. h4 Qf6 20. Rad1 Rfd8 21.
Ng5 e5 22. Qd5+ 1-0

[Event "Early-Titled-Tuesday-Blitz-September-12-2023"]
[Site "Chess.com"]
[Date "2023.09.12"]
[Round "5"]
[White "Triumphmate"]
[Black "CFalcons8"]
[Result "1-0"]
[WhiteElo "2510"]
[BlackElo "2305"]
[TimeControl "180+1"]
[EndTime "8:51:29 PDT"]
[Termination "Triumphmate won by resignation"]

1. e4 e5 2. Nf3 Nc6 3. Nc3 Nf6 4. Bb5 a6 5. Bxc6 dxc6 6. Nxe5 Nxe4 7. Nxe4 Qd4 8. O-O Qxe5 9. Re1 Be7 10. d4 Qd5 11.
Bg5 Be6 12. Bxe7 Kxe7 13. Nc5 b6 14. Nxe6 fxe6 15. Qg4 g6 16. Re5 Qd6 17. Rae1 Kd8 18. Rxe6 Qd7 19. Qe4 Qd5 20. Re8+ 1-0

[Event "Early-Titled-Tuesday-Blitz-September-12-2023"]
[Site "Chess.com"]
[Date "2023.09.12"]
[Round "5"]
[White "Yuruultei"]
[Black "OPQRC"]
[Result "0-1"]
[WhiteElo "2336"]
[BlackElo "2590"]
[TimeControl "180+1"]
[EndTime "8:51:31 PDT"]
[Termination "OPQRC won by resignation"]

1. d4 Nf6 2. c4 c5 3. d5 e6 4. Nc3 exd5 5. cxd5 d6 6. e4 Be7 7. Bd3 O-O 8. Nf3 Nfd7 9. O-O Ne5 10.
Nxe5 dxe5 11. Be3 Nd7 12. f3 a6 13. a4 Nf6 14. Rc1 Ne8 15. Nb1 b6 16. Na3 Nd6 17. a5 bxa5 18. Bxc5 Rb8 19. Qc2 Bd7 20. Bf2 Nb5 21. Nc4 Nd4 22. Qb1 Bg5 23. Rcd1 Bf4 24.
g3 Nxf3+ 25. Kg2 Qg5 26. Kxf3 Qh5+ 27. Kg2 Bh3+ 28. Kg1 Qf3 29. Ne3 Bxe3 0-1

[Event "Early-Titled-Tuesday-Blitz-September-12-2023"]
[Site "Chess.com"]
[Date "2023.09.12"]
[Round "5"]
[White "the_chess_child"]
[Black "LoaySameer"]
[Result "1-0"]
[WhiteElo "2902"]
[BlackElo "2521"]
[TimeControl "180+1"]
[EndTime "8:51:35 PDT"]
[Termination "the_chess_child won by resignation"]

1. e4 g6 2. d4 Bg7 3. Nc3 d6 4. Bg5 c5 5. dxc5 Bxc3+ 6. bxc3 Qa5 7. Qd4 e5 8. Qxd6 Qxc3+ 9. Ke2 Qxc2+ 10. Kf3 Qc3+ 11.
Bd3 Nc6 12. Ne2 Qa5 13. Rhd1 f6 14. Bd2 Qd8 15. Bc4 Nh6 16. Bxh6 1-0

[Event "Early-Titled-Tuesday-Blitz-September-12-2023"]
[Site "Chess.com"]
[Date "2023.09.12"]
[Round "5"]
[White "sqmorr"]
[Black "Rosh1610"]
[Result "0-1"]
[WhiteElo "2220"]
[BlackElo "2438"]
[TimeControl "180+1"]
[EndTime "8:51:35 PDT"]
[Termination "Rosh1610 won by checkmate"]

1. d4 Nf6 2. c4 e6 3. Nf3 d5 4. g3 dxc4 5. Bg2 c5 6. O-O cxd4 7. Qa4+ Nc6 8. Nxd4 Qxd4 9. Bxc6+ Bd7 10. Rd1 Qxd1+ 11. Qxd1 Bxc6 12. Nd2 O-O-O 13. Qc2 Bc5 14. Qxc4 Bb6 15.
b4 Rd4 16. Qc3 Kb8 17. Bb2 Rhd8 18. Nf1 Ne4 19. Qc2 Nxf2 20. Bxd4 Nh3# 0-1

[Event "Early-Titled-Tuesday-Blitz-September-12-2023"]
[Site "Chess.com"]
[Date "2023.09.12"]
[Round "5"]
[White "SamCopeland"]
[Black "kidagent"]
[Result "1-0"]
[WhiteElo "2311"]
[BlackElo "2203"]
[TimeControl "180+1"]
[EndTime "8:51:37 PDT"]
[Termination "SamCopeland won by resignation"]

1. e4 c5 2. Nf3 d6 3. d4 cxd4 4.
Nxd4 Nf6 5. Nc3 a6 6. Bg5 e6 7. f4 b5 8. e5 dxe5 9. fxe5 Qc7 10. exf6 Qe5+ 11. Be2 Qxg5 12. Qd3 Ra7 13. Ne4 Qd5 14. Bf3 Rd7 15. fxg7 Bxg7 16. Nf6+ Bxf6 17. Bxd5 Rxd5 18. c3 e5 19. Qf3 Bd8 20. Qxd5 1-0

[Event "Early-Titled-Tuesday-Blitz-September-12-2023"]
[Site "Chess.com"]
[Date "2023.09.12"]
[Round "5"]
[White "Hope_6"]
[Black "savitha1030"]
[Result "1-0"]
[WhiteElo "2692"]
[BlackElo "2474"]
[TimeControl "180+1"]
[EndTime "8:51:38 PDT"]
[Termination "Hope_6 won by resignation"]

1. d4 Nf6 2. c4 e6 3. Nf3 d5 4.
Nc3 Bb4 5. cxd5 exd5 6. Bg5 O-O 7. e3 h6 8. Bh4 Bg4 9. Qb3 Nc6 10. Bd3 g5 11.
Bg3 Be6 12. Nd2 Nh5 13. Bb5 Bxc3 14. Qxc3 Qf6 15. Bxc6 bxc6 16. Bxc7 Rfc8 17. Bg3 c5 18. dxc5 Qxc3 19. bxc3 Rxc5 20. Be5 Rb8 21. Bxb8 1-0

[Event "Early-Titled-Tuesday-Blitz-September-12-2023"]
[Site "Chess.com"]
[Date "2023.09.12"]
[Round "5"]
[White "younix2022"]
[Black "FeketeBarika"]
[Result "0-1"]
[WhiteElo "2021"]
[BlackElo "2397"]
[TimeControl "180+1"]
[EndTime "8:51:40 PDT"]
[Termination "FeketeBarika won by resignation"]

1. Nf3 d5 2. c4 d4 3. b4 a5 4. Bb2 axb4 5. Bxd4 Nc6 6. Bb2 Nf6 7. d4 e6 8. Qc2 Be7 9. e4 e5 10. Nxe5 Nxe5 11. dxe5 Ng4 12. h3 Nh6 13. f4 O-O 14. Be2 Bc5 15. Nd2 Qh4+ 16. Kd1 Rd8 17. Kc1 Be3 18. Rd1 Qxf4 19. Bd3 Bd7 20. Kb1 Ba4 21. Nb3 c5 22. Qe2 Bxb3 23. axb3 Rxa1+ 24. Bxa1 Bd4 25. Rf1 Qxe5 26. Rf3 Bxa1 0-1

[Event "Early-Titled-Tuesday-Blitz-September-12-2023"]
[Site "Chess.com"]
[Date "2023.09.12"]
[Round "5"]
[White "schackspelaren"]
[Black "Irishchessman16"]
[Result "0-1"]
[WhiteElo "2289"]
[BlackElo "2488"]
[TimeControl "180+1"]
[EndTime "8:51:43 PDT"]
[Termination "Irishchessman16 won by resignation"]

1. e4 e5 2. Nf3 Nf6 3. Nxe5 Nxe4 4. Qe2 Qe7 5. Qxe4 d6 6. d4 dxe5 7. dxe5 Nc6 8. f4 f6 9. Nc3 fxe5 10. Nd5 Qf7 11. Bc4 Bf5 12. Nxc7+ Qxc7 13. Qxf5 Nd4 14. Qd3 Rc8 15. Bb5+ Kf7 16. c3 Nxb5 17. Qxb5 exf4 18. Qf5+ Ke8 19. Bxf4 Qc5 20. O-O-O Qxf5 0-1

[Event "Early-Titled-Tuesday-Blitz-September-12-2023"]
[Site "Chess.com"]
[Date "2023.09.12"]
[Round "5"]
[White "Korchmar_Vasiliy"]
[Black "FARIZA2018"]
[Result "1-0"]
[WhiteElo "2709"]
[BlackElo "2528"]
[TimeControl "180+1"]
[EndTime "8:51:55 PDT"]
[Termination "Korchmar_Vasiliy won by resignation"]

1. e4 e5 2. Nf3 Nc6 3. Bc4 Nf6 4. d3 Bc5 5. c3 d6 6. Bg5 h6 7. Bh4 a5 8. Nbd2 Qe7 9. O-O Be6 10. Re1 Bxc4 11.
Nxc4 Ba7 12. d4 O-O 13. Ne3 exd4 14. Nd5 Qe6 15. Bxf6 gxf6 16. Nxc7 Qc4 17. Nxa8 Rxa8 18. cxd4 Nxd4 19. Rc1 Qb4 20. b3 Kh7 21. Nxd4 Bxd4 22. Rc4 1-0

[Event "Early-Titled-Tuesday-Blitz-September-12-2023"]
[Site "Chess.com"]
[Date "2023.09.12"]
[Round "5"]
[White "Grossboss19"]
[Black "PeshkaCh"]
[Result "0-1"]
[WhiteElo "2539"]
[BlackElo "2780"]
[TimeControl "180+1"]
[EndTime "8:52:02 PDT"]
[Termination "PeshkaCh won by resignation"]

1. d4 Nf6 2. c4 e6 3. Nf3 d5 4. e3 Be7 5. Nc3 O-O 6. Bd3 c5 7. cxd5 exd5 8. dxc5 Bxc5 9. O-O Nc6 10. h3 a6 11. b3 d4 12. exd4 Nxd4 13. Nxd4 Bxd4 14.
Bb2 Be6 15. Rc1 Rc8 16. Qe2 Re8 17. Qd2 Qd7 18. Rfd1 Red8 19. Ne2 Rxc1 20. Qxc1 Bxb2 21. Bxh7+ Kxh7 22. Rd6 Bxc1 23. Rxd7 Rxd7 0-1

[Event "Early-Titled-Tuesday-Blitz-September-12-2023"]
[Site "Chess.com"]
[Date "2023.09.12"]
[Round "5"]
[White "AndreiITrifan"]
[Black "vladislavkovalev"]
[Result "0-1"]
[WhiteElo "2625"]
[BlackElo "2896"]
[TimeControl "180+1"]
[EndTime "8:52:05 PDT"]
[Termination "vladislavkovalev won by resignation"]

1. Nf3 Nf6 2. e3 d5 3. c4 e6 4.
b3 Be7 5. Bb2 O-O 6. Nc3 b6 7. Qc2 c5 8. cxd5 Nxd5 9. h4 Nb4 10.
Qb1 Ba6 11. Bxa6 N8xa6 12. Ke2 f6 13. Qe4 Qd7 14. Rhd1 Rac8 15. Qc4 Nc7 16. d4 b5 17.
Nxb5 Qxb5 18. Rac1 Qxc4+ 19. Rxc4 Ncd5 20. a3 Nc6 21.
dxc5 Na5 0-1

[Event "Early-Titled-Tuesday-Blitz-September-12-2023"]
[Site "Chess.com"]
[Date "2023.09.12"]
[Round "5"]
[White "Ind1anStar"]
[Black "carloseduar100"]
[Result "1-0"]
[WhiteElo "2556"]
[BlackElo "2303"]
[TimeControl "180+1"]
[EndTime "8:52:16 PDT"]
[Termination "Ind1anStar won by resignation"]

1. e4 e6 2. d4 d5 3. Nc3 Nf6 4. e5 Nfd7 5. f4 c5 6. Nf3 Nc6 7. Be3 Qb6 8. Qd2 Qxb2 9. Rb1 Qa3 10.
Rb3 Qa5 11. Nb5 Qxd2+ 12. Kxd2 Rb8 13. c3 a6 14. Nd6+ Bxd6 15. exd6 cxd4 16. Nxd4 O-O 17. Nxc6 bxc6 18. Rxb8 Nxb8 19. Be2 Rd8 20. Bb6 Rd7 21. Bc7 Rxc7 22. dxc7 Nd7 23. Rb1 Kf8 24. Rb8 1-0

[Event "Early-Titled-Tuesday-Blitz-September-12-2023"]
[Site "Chess.com"]
[Date "2023.09.12"]
[Round "5"]
[White "Fandorine"]
[Black "viktorskliarov"]
[Result "1-0"]
[WhiteElo "2925"]
[BlackElo "2658"]
[TimeControl "180+1"]
[EndTime "8:52:30 PDT"]
[Termination "Fandorine won by resignation"]

1. e4 c5 2. b4 b6 3. bxc5 bxc5 4. Nc3 Nc6 5. Nf3 Rb8 6. g3 g6 7.
Bg2 Bg7 8. O-O d6 9. h3 Nf6 10. Re1 e5 11. d3 h6 12. Nd2 Be6 13. Nd5 Ne7 14. Ne3 Nh5 15. a4 O-O 16. c3 Qd7 17. Kh2 Kh7 18. a5 d5 19. c4 dxe4 20. Nxe4 Rfc8 21. Ba3 f5 22. Nxc5 Rxc5 23. Bxc5 e4 24. dxe4 Qc7 25. Bd6 1-0

[Event "Early-Titled-Tuesday-Blitz-September-12-2023"]
[Site "Chess.com"]
[Date "2023.09.12"]
[Round "5"]
[White "HansOnTwitch"]
[Black "Niilo1"]
[Result "1-0"]
[WhiteElo "3038"]
[BlackElo "2298"]
[TimeControl "180+1"]
[EndTime "8:52:32 PDT"]
[Termination "HansOnTwitch won by resignation"]

1. e4 e5 2. Nf3 Nc6 3. Bb5 Nf6 4. d3 d6 5. c3 Be7 6. O-O O-O 7. Re1 Re8 8. Nbd2 Bf8 9. h3 d5 10. exd5 Qxd5 11.
Bc4 Qd6 12. Ng5 Nd8 13. Qf3 Re7 14. Nde4 Nxe4 15. Nxe4 Qg6 16. Bg5 Re8 17. Bxd8 Rxd8 18. Ng5 Be6 19. Nxe6 fxe6 20. Rxe5 Rd6 21. Rae1 Re8 22.
Qxb7 Rb6 23. Qxc7 Bd6 24. Rxe6 1-0

[Event "Early-Titled-Tuesday-Blitz-September-12-2023"]
[Site "Chess.com"]
[Date "2023.09.12"]
[Round "5"]
[White "falzehope0"]
[Black "giomar27"]
[Result "1-0"]
[WhiteElo "2444"]
[BlackElo "2271"]
[TimeControl "180+1"]
[EndTime "8:52:33 PDT"]
[Termination "falzehope0 won by resignation"]

1. d4 Nf6 2. e3 c5 3. c3 b6 4. f4 Bb7 5. Nf3 g6 6. Bd3 Bg7 7. O-O O-O 8. f5 d6 9. Nbd2 Nbd7 10. Qe1 e5 11. fxe6 fxe6 12. Ng5 Qe7 13. Qh4 e5 14.
Nxh7 e4 15. Bc4+ d5 16. Bb5 Rf7 17. Ng5 Rff8 18. Ndxe4 Nh5 19. Bd2 Ndf6 20. Ng3 Nh7 21. e4 dxe4 22. Bc4+ Kh8 23. Nxh5 Qxg5 24. Bxg5 1-0

[Event "Early-Titled-Tuesday-Blitz-September-12-2023"]
[Site "Chess.com"]
[Date "2023.09.12"]
[Round "5"]
[White "nihalsarin"]
[Black "MatyChess1"]
[Result "1-0"]
[WhiteElo "3110"]
[BlackElo "2700"]
[TimeControl "180+1"]
[EndTime "8:52:34 PDT"]
[Termination "nihalsarin won by resignation"]

1. a3 d5 2. Nf3 Bf5 3. e3 e6 4.
c4 Nf6 5. Nc3 c6 6. d4 Nbd7 7.
Bd3 Bg6 8. Bxg6 hxg6 9. h3 dxc4 10. a4 Bb4 11. O-O O-O 12. Qe2 c5 13. Qxc4 Nb6 14.
Qe2 cxd4 15. exd4 Rc8 16. Ne4 Nxe4 17. Qxe4 Qd5 18. Qh4 Qh5 19. Qe4 Qd5 20. Qh4 Qh5 21. Qg3 Rfd8 22. Bg5 f6 23. Be3 Nd5 24. Rfc1 Rxc1+ 25. Rxc1 Bd6 26. Qg4 Qxg4 27. hxg4 Kf7 28. g5 Ke7 29.
Kf1 Kd7 30. Ne1 Rh8 31. Ke2 Rh1 32. gxf6 gxf6 33. Rc2 Nb4 34. Rc4 Nd5 35. Nd3 b6 36. a5 Ra1 37. axb6 axb6 38. Bc1 Ra8 39. g4 g5 40. Bd2 Ra1 41. Bc1 Ra8 42. f3 Ra1 43.
Rc2 Ra2 44. Bd2 Ra1 45. Rc4 Ra2 46. Rc1 Ra1 47. Rxa1 1-0

[Event "Early-Titled-Tuesday-Blitz-September-12-2023"]
[Site "Chess.com"]
[Date "2023.09.12"]
[Round "5"]
[White "Ready4abattle"]
[Black "cukin84"]
[Result "1-0"]
[WhiteElo "2326"]
[BlackElo "2207"]
[TimeControl "180+1"]
[EndTime "8:52:34 PDT"]
[Termination "Ready4abattle won by resignation"]

1. e4 c6 2. d4 d5 3. e5 c5 4. Nf3 Nc6 5. c4 cxd4 6. Nxd4 Nxe5 7. cxd5 Bd7 8. Nc3 g6 9. Bf4 Bg7 10. Be2 Qb6 11. Nb3 Rc8 12. O-O Nh6 13. Be3 Qd8 14.
Rc1 O-O 15. Ne4 b6 16. f4 Neg4 17. Bd4 Rxc1 18. Qxc1 Bxd4+ 19. Nxd4 Qc8 20. h3 Qxc1 21. Rxc1 Ne3 22. Rc7 Bf5 23. Nc3 a5 24. Rxe7 Rd8 25.
Rxe3 Bc8 26. Nc6 Kg7 27. Nxd8 1-0

[Event "Early-Titled-Tuesday-Blitz-September-12-2023"]
[Site "Chess.com"]
[Date "2023.09.12"]
[Round "5"]
[White "mamey78"]
[Black "AlexanderL"]
[Result "0-1"]
[WhiteElo "2599"]
[BlackElo "2855"]
[TimeControl "180+1"]
[EndTime "8:52:37 PDT"]
[Termination "AlexanderL won by resignation"]

1. e4 e5 2. Nf3 Nf6 3. d4 Nxe4 4. Bd3 Nc6 5. dxe5 d5 6. h3 Bc5 7.
O-O O-O 8. c4 Bf5 9. Nc3 Nb4 10.
Bb1 Nxf2 11. Rxf2 Bxf2+ 12. Kxf2 Bxb1 13. Rxb1 dxc4 14. Qxd8 Raxd8 15. Be3 Nd3+ 16. Kf1 Rfe8 17. Bg5 Rd7 18. b3 Nxe5 19. bxc4 Nxf3 20. gxf3 Rd3 21. Ne4 Rxf3+ 22. Nf2 f6 23. Bd2 b6 24. c5 Rd8 25. cxb6 axb6 26. Rb2 Rd5 27. Rc2 Rdf5 28. Be1 Rxh3 0-1

[Event "Early-Titled-Tuesday-Blitz-September-12-2023"]
[Site "Chess.com"]
[Date "2023.09.12"]
[Round "5"]
[White "jimmy-schlumpf"]
[Black "Oleksandr_Bortnyk"]
[Result "0-1"]
[WhiteElo "2328"]
[BlackElo "3007"]
[TimeControl "180+1"]
[EndTime "8:52:41 PDT"]
[Termination "Oleksandr_Bortnyk won by resignation"]

1. d4 d6 2. Nf3 Nf6 3. c4 g6 4.
Nc3 Bf5 5. g3 Bg7 6. Bg2 O-O 7.
O-O Ne4 8. Nb1 c5 9. d5 Bd7 10. Qc2 Nf6 11. e4 b5 12. cxb5 Bxb5 13. Re1 Nbd7 14. Nc3 Ba6 15. h3 Rb8 16. e5 dxe5 17.
Nxe5 Nxe5 18. Rxe5 Re8 19. Bf4 Rb4 20. a3 Rd4 21.
Rae1 Nh5 22. Rxh5 Bd3 23. Qc1 gxh5 24. b3 Bg6 25. Be3 Rd3 26. Ne4 Rxb3 27. Bxc5 Bxe4 28. Bxe4 Rc3 29. Qg5 Rxc5 30. Qxh5 h6 0-1

[Event "Early-Titled-Tuesday-Blitz-September-12-2023"]
[Site "Chess.com"]
[Date "2023.09.12"]
[Round "5"]
[White "M_One1126"]
[Black "Jenia84"]
[Result "1-0"]
[WhiteElo "2567"]
[BlackElo "2373"]
[TimeControl "180+1"]
[EndTime "8:52:41 PDT"]
[Termination "M_One1126 won by resignation"]

1. e4 c5 2. Nf3 d6 3. d4 cxd4 4. Nxd4 Nf6 5. Nc3 a6 6. Bg5 e6 7. f4 Nbd7 8. Qf3 Qc7 9. O-O-O b5 10. Bd3 Bb7 11. Rhe1 h6 12. Bh4 Be7 13. Kb1 O-O-O 14. Bf2 Kb8 15. h3 e5 16. Nf5 Bf8 17. g3 g6 18. Ne3 Be7 19. a3 Nc5 20. Bg1 Bc6 21. Ned5 Nxd5 22. exd5 Bb7 23. fxe5 dxe5 24. Qxf7 Nxd3 25.
Rxd3 b4 26. axb4 Bxb4 27. Qxg6 Rd6 28. Qe4 Rb6 29. Bxb6 Qxb6 30. Qxe5+ 1-0

[Event "Early-Titled-Tuesday-Blitz-September-12-2023"]
[Site "Chess.com"]
[Date "2023.09.12"]
[Round "5"]
[White "Mr_Lion22"]
[Black "klauser63"]
[Result "1-0"]
[WhiteElo "2432"]
[BlackElo "2206"]
[TimeControl "180+1"]
[EndTime "8:52:41 PDT"]
[Termination "Mr_Lion22 won by checkmate"]

1. d4 d5 2. c4 c6 3. Nc3 Nf6 4.
Nf3 e6 5. Bg5 dxc4 6. e4 b5 7.
e5 h6 8. Bh4 g5 9. Nxg5 hxg5 10. Bxg5 Nbd7 11. exf6 Bb7 12. g3 c5 13. d5 Qb6 14. Bg2 O-O-O 15. O-O b4 16. Na4 Qb5 17. a3 Ne5 18. Qe2 Nd3 19. axb4 cxb4 20. dxe6 Bxg2 21.
Kxg2 Qxg5 22. Qe4 fxe6 23. Nb6+ axb6 24. Qc6+ Kb8 25. Ra8# 1-0

[Event "Early-Titled-Tuesday-Blitz-September-12-2023"]
[Site "Chess.com"]
[Date "2023.09.12"]
[Round "5"]
[White "nassimzrikem"]
[Black "dadice10"]
[Result "0-1"]
[WhiteElo "2292"]
[BlackElo "2209"]
[TimeControl "180+1"]
[EndTime "8:52:42 PDT"]
[Termination "dadice10 won by resignation"]

1. Nf3 c5 2. e3 Nf6 3. d4 cxd4 4. exd4 g6 5. Bd3 Bg7 6. O-O O-O 7. Re1 Nc6 8. c4 d6 9. Nc3 Bg4 10. Be3 Nd7 11. Be2 Rc8 12. Rc1 a6 13. h3 Bxf3 14. Bxf3 e5 15. dxe5 dxe5 16. Qe2 Nd4 17. Bxd4 exd4 18.
Nd5 Rb8 19. Ne7+ Kh8 20. c5 Ne5 21. Nd5 d3 22. Qe3 Nxf3+ 23. Qxf3 d2 0-1

[Event "Early-Titled-Tuesday-Blitz-September-12-2023"]
[Site "Chess.com"]
[Date "2023.09.12"]
[Round "5"]
[White "GodDMuhammad"]
[Black "ural58"]
[Result "0-1"]
[WhiteElo "2349"]
[BlackElo "2564"]
[TimeControl "180+1"]
[EndTime "8:52:43 PDT"]
[Termination "ural58 won by resignation"]

1. f4 e5 2. fxe5 d6 3. e4 Nc6 4. Nf3 dxe5 5. Bc4 Bc5 6. c3 Bg4 7. b4 Bb6 8. b5 Na5 9. Bxf7+ Kxf7 10. Nxe5+ Ke6 11. Qxg4+ Kxe5 12. Ba3 Nh6 13. Rf1 Nxg4 14. d4+ Ke6 15. Nd2 Ne3 16. Ke2 Nxf1 17. Rxf1 Qh4 18. Rf5 Qg4+ 19. Kd3 Qxf5 20. exf5+ Kxf5 21. Ne4 Kg6 22. g4 h5 23. g5 h4 24. h3 Rhe8 0-1

[Event "Early-Titled-Tuesday-Blitz-September-12-2023"]
[Site "Chess.com"]
[Date "2023.09.12"]
[Round "5"]
[White "Beca95"]
[Black "Mikasinski"]
[Result "1-0"]
[WhiteElo "2962"]
[BlackElo "2676"]
[TimeControl "180+1"]
[EndTime "8:52:51 PDT"]
[Termination "Beca95 won by resignation"]

1. d4 Nf6 2. Nf3 g6 3. Bg5 Bg7 4. Nbd2 O-O 5. c3 d6 6. e4 c5 7. d5 h6 8. Bh4 Re8 9. Bc4 Qc7 10.
O-O Nbd7 11. h3 a6 12. a4 Rb8 13. a5 Nh5 14. Ne1 b5 15. axb6 Rxb6 16. Nd3 Ne5 17. Nxe5 Bxe5 18. Ra2 Nf4 19. Bg3 Nh5 20. Bxe5 dxe5 21.
Re1 Rf6 22. Bf1 Nf4 23. Nc4 h5 24. h4 Bg4 25. f3 Bd7 26. Kh2 e6 27. d6 Qd8 28. g3 Bb5 29. Nxe5 c4 30. Qd4 Nd3 31.
Bxd3 cxd3 32. c4 d2 33. Qxd2 Bd7 34. b4 Bc8 35. c5 1-0

[Event "Early-Titled-Tuesday-Blitz-September-12-2023"]
[Site "Chess.com"]
[Date "2023.09.12"]
[Round "5"]
[White "DrDreBeats"]
[Black "AndresDelgado77"]
[Result "1-0"]
[WhiteElo "2529"]
[BlackElo "2301"]
[TimeControl "180+1"]
[EndTime "8:52:51 PDT"]
[Termination "DrDreBeats won on time"]

1. e4 e6 2. d4 d5 3. exd5 exd5 4. c4 Nf6 5. Nc3 Bb4 6. Bd3 O-O 7. Nf3 Re8+ 8. Be3 dxc4 9. Bxc4 Nd5 10. O-O Bxc3 11.
bxc3 Nc6 12. Rc1 Bg4 13. h3 Bh5 14. g4 Bg6 15. Re1 Qd6 16. Bxd5 Qxd5 17. c4 Qa5 18. Qb3 b6 19. d5 Ne5 20. Nxe5 Rxe5 21. f4 Re4 22. f5 Rae8 23. fxg6 Rxe3 24. Rxe3 Qc5 25. gxf7+ Kxf7 26. Re1 1-0

[Event "Early-Titled-Tuesday-Blitz-September-12-2023"]
[Site "Chess.com"]
[Date "2023.09.12"]
[Round "5"]
[White "Predator0608"]
[Black "ckgchess"]
[Result "0-1"]
[WhiteElo "2581"]
[BlackElo "2867"]
[TimeControl "180+1"]
[EndTime "8:52:58 PDT"]
[Termination "ckgchess won by resignation"]

1. f4 Nh6 2. Nf3 d5 3. g3 g6 4.
Bg2 Bg7 5. O-O O-O 6. d3 d4 7. c3 c5 8. e3 dxe3 9. Bxe3 Qb6 10. b4 Na6 11. a4 Nxb4 12. cxb4 Bxa1 13. Bxc5 Qc7 14. Re1 Re8 15. Qb3 b6 16. Ne5 Be6 17.
Qa3 Bxe5 18. Rxe5 bxc5 19. Rxc5 Qd6 20. Bxa8 Qd4+ 21. Kf1 Rxa8 22. Qc3 Qe3 23. Kg2 Qe2+ 24. Kg1 Bh3 0-1

[Event "Early-Titled-Tuesday-Blitz-September-12-2023"]
[Site "Chess.com"]
[Date "2023.09.12"]
[Round "5"]
[White "LoydBlankenship"]
[Black "Cheer_Down"]
[Result "1-0"]
[WhiteElo "2639"]
[BlackElo "2409"]
[TimeControl "180+1"]
[EndTime "8:52:59 PDT"]
[Termination "LoydBlankenship won by resignation"]

1. e4 c5 2. Nf3 d6 3. d4 cxd4 4. Nxd4 Nf6 5. Nc3 a6 6. Bg5 e6 7. f4 Be7 8. Qf3 Qc7 9. O-O-O Nbd7 10. Bd3 h6 11. Bh4 g5 12. fxg5 Ne5 13. Qe2 Nfg4 14. Nf3 hxg5 15. Bg3 Bd7 16. Nd4 O-O-O 17. h3 Nxd3+ 18.
cxd3 Ne5 19. Kb1 Kb8 20. Rc1 Qa5 21. Rhf1 f6 22. Nb3 Qb4 23. Be1 Qb6 24. d4 Nc6 25. Bf2 Qb4 26. Rfd1 Na5 27. Nd2 Rc8 28. a3 Qb6 29. d5 Qd8 30. b4 Rxc3 31. Rxc3 Bb5 32. Qe3 1-0

[Event "Early-Titled-Tuesday-Blitz-September-12-2023"]
[Site "Chess.com"]
[Date "2023.09.12"]
[Round "5"]
[White "schack_vit"]
[Black "Andrei_Belozerov"]
[Result "0-1"]
[WhiteElo "2430"]
[BlackElo "2597"]
[TimeControl "180+1"]
[EndTime "8:52:59 PDT"]
[Termination "Andrei_Belozerov won by checkmate"]

1. c4 Nf6 2. g3 g6 3. Bg2 Bg7 4. Nc3 O-O 5. Nf3 d6 6. O-O Nc6 7. Rb1 a5 8. a3 e5 9. d3 h6 10. b4 axb4 11. axb4 Be6 12. b5 Ne7 13. Bb2 Qd7 14. Re1 Bh3 15. Bh1 Ng4 16. Qb3 Kh7 17.
Ne4 Kh8 18. b6 c5 19. Nc3 f5 20. Ra1 f4 21. Rxa8 Rxa8 22. Ra1 Rxa1+ 23. Bxa1 Nf5 24.
Nd5 e4 25. dxe4 fxg3 26. hxg3 Nxg3 27. Bxg7+ Qxg7 28. Qc3 Nxe2# 0-1

[Event "Early-Titled-Tuesday-Blitz-September-12-2023"]
[Site "Chess.com"]
[Date "2023.09.12"]
[Round "5"]
[White "ferrufino64"]
[Black "santosalberto1987"]
[Result "0-1"]
[WhiteElo "2280"]
[BlackElo "2549"]
[TimeControl "180+1"]
[EndTime "8:52:59 PDT"]
[Termination "santosalberto1987 won by resignation"]

1. e4 e6 2. d4 d5 3. Nc3 Nf6 4. e5 Nfd7 5. f4 c5 6. Nf3 Nc6 7. Be3 Qb6 8. Na4 Qa5+ 9. c3 b6 10. a3 c4 11. b4 cxb3 12. Qxb3 Ba6 13. Kf2 Be7 14. Bxa6 Qxa6 15. Rhf1 Rc8 16. Nb2 Na5 17. Qc2 Nc4 18. Nxc4 Rxc4 19. Nd2 Rc6 20. a4 O-O 21. Qb3 Rfc8 22. Rac1 Qd3 23. Nb1 Qc4 24. Qd1 Qa2+ 25. Kg1 Rc4 26. a5 Qxa5 27. f5 exf5 28. Rxf5 Ba3 29. Rc2 Qa4 30. Bd2 Nf8 31. Be1 Ne6 32. Qe2 Nxd4 33. Qg4 Nxc2 34. Qh3 0-1

[Event "Early-Titled-Tuesday-Blitz-September-12-2023"]
[Site "Chess.com"]
[Date "2023.09.12"]
[Round "5"]
[White "chessdjw"]
[Black "Superfelix"]
[Result "1-0"]
[WhiteElo "2753"]
[BlackElo "2454"]
[TimeControl "180+1"]
[EndTime "8:53:01 PDT"]
[Termination "chessdjw won by checkmate"]

1. e4 c6 2. d4 g6 3. c4 d5 4. e5 h5 5. Nc3 Nh6 6. h3 Nf5 7.
Nf3 Bg7 8. Qb3 e6 9. Be3 Nd7 10. cxd5 exd5 11. O-O-O Nf8 12. Kb1 Ne6 13. Bd3 Nxe3 14.
fxe3 Bh6 15. e4 Nf4 16. exd5 Nxd3 17. Rxd3 Bf5 18. Rd1 cxd5 19. Nxd5 O-O 20. Nf6+ Kg7 21. g4 hxg4 22. hxg4 Bxd3+ 23. Qxd3 Rh8 24. g5 Bxg5 25. Nxg5 Rc8 26. Rg1 Qe7 27. a3 Rh2 28. Nf3 Rf2 29.
Nh4 Qc7 30. Rxg6+ fxg6 31. Qxg6+ Kf8 32. Qg8+ Ke7 33. Ng6# 1-0

[Event "Early-Titled-Tuesday-Blitz-September-12-2023"]
[Site "Chess.com"]
[Date "2023.09.12"]
[Round "5"]
[White "GiorgianBarbosa"]
[Black "Boundless_Strike"]
[Result "0-1"]
[WhiteElo "2446"]
[BlackElo "2629"]
[TimeControl "180+1"]
[EndTime "8:53:02 PDT"]
[Termination "Boundless_Strike won by checkmate"]

1. c4 e5 2. Nc3 Nc6 3. e4 Bc5 4. Nf3 d6 5. Be2 f5 6. O-O Nf6 7. d3 f4 8. Nd5 O-O 9. a3 a5 10.
Rb1 Nxd5 11. cxd5 Nd4 12. Nxd4 Bxd4 13. Bd2 Qh4 14. Bf3 Rf6 15. Re1 Qxf2+ 16. Kh1 Rh6 17.
Bc3 Rxh2+ 18. Kxh2 Qh4# 0-1